 Dungeon Crawl Stone Soup version 0.19.4-12-gccf7e64 (webtiles) character file.

735 Magnus the Grave Robber (level 7, -1/46 HPs)
             Began as a Demonspawn Necromancer on Feb 27, 2017.
             Slain by an ogre
             ... wielding a +0 giant spiked club
              (28 damage)
             ... on level 5 of the Dungeon.
             The game lasted 00:21:18 (5999 turns).

Magnus the Grave Robber (Demonspawn Necromancer)    Turns: 5999, Time: 00:21:19

Health: -1/46      AC:  6    Str:  8    XL:     7   Next: 45%
Magic:  10/15      EV: 12    Int: 19    God:
Gold:   282        SH:  0    Dex: 13    Spells: 4 memorised, 6 levels left

rFire  . . .     SeeInvis .     d - +0 short sword
rCold  . . .     Gourm    .     a - +0 robe
rNeg   . . .     Faith    .     (no shield)
rPois  +         Spirit   .     (no helmet)
rElec  .         Reflect  .     y - +0 cloak
rCorr  .         Harm     .     n - +0 pair of gloves
MR     .....                    (no boots)
Stlth  +++.......               (no amulet)
                                x - ring of poison resistance
                                e - ring of stealth

@: about to teleport, very slightly contaminated, regenerating
A: talons 2, slimy green scales 1, powered by pain 1
a: no special abilities


You were on level 5 of the Dungeon.
You were not hungry.

You visited 1 branch of the dungeon, and saw 5 of its levels.
You also visited: Sewer.

You collected 282 gold pieces.

Inventory:

Hand Weapons
 d - a +0 short sword (weapon)
Missiles
 g - 9 tomahawks (quivered)
 p - 2 throwing nets
 w - 7 javelins of returning
Armour
 a - a +0 robe (worn)
 n - a +0 pair of gloves (worn)
 y - a +0 cloak (worn)
Jewellery
 e - a ring of stealth (left hand)
 x - a ring of poison resistance (right hand)
Wands
 t - a wand of flame (31/48)
Scrolls
 j - a scroll of recharging
 l - 2 scrolls of fog
 r - 4 scrolls of remove curse
 u - 4 scrolls of identify
 v - a scroll of noise {unknown}
 B - a scroll of enchant armour {unknown}
Potions
 f - 4 potions of flight
 k - 2 potions of curing
 o - a potion of beneficial mutation {unknown}
 z - a potion of cure mutation {unknown}
Books
 b - a book of Necromancy

   Spells                             Type                      Level
   a - Pain                           Necromancy                   1
   b - Animate Skeleton               Necromancy                   1
   c - Vampiric Draining              Necromancy                   3
   d - Regeneration                   Charms/Necromancy            3
   e - Animate Dead                   Necromancy                   4
   f - Control Undead                 Necromancy                   4
Comestibles
 c - 3 bread rations
 h - a beef jerky
 m - 6 meat rations
 q - a fruit
 s - a royal jelly


   Skills:
 - Level 1.7 Dodging
 - Level 1.7 Stealth
 + Level 5.8 Spellcasting
 + Level 7.6 Necromancy


You had 6 spell levels left.
You knew the following spells:

 Your Spells              Type           Power        Failure   Level  Hunger
a - Pain                  Necr           ####         1%          1    None
b - Vampiric Draining     Necr           ####......   1%          3    ##.....
c - Regeneration          Chrm/Necr      ###.......   10%         3    ##.....
d - Animate Dead          Necr           N/A          6%          4    ####...


Dungeon Overview and Level Annotations

Branches:
Dungeon (5/15)
 Temple: D:4-7

Altars:
Elyvilon
Makhleb
Qazlal
Zin
The Shining One


Innate Abilities, Weirdness & Mutations

You have razor-sharp toenails.
You are partially covered in slimy green scales. (AC +2)
You sometimes gain a little power by taking damage.


Message History

The centaur shoots an arrow.
The arrow hits you!
You see here an arrow.
Casting: Vampiric Draining
Confirm with . or Enter, or press ? or * to list all spells.
You miscast Regeneration.
You are very lightly contaminated with residual magic.
The air around you crackles with energy!
The worker ant twitches its antennae in your direction.
The centaur shoots an arrow.
The arrow hits you.
You see here an arrow.
The centaur shoots an arrow.
The arrow barely misses you.
Casting: Regeneration
Confirm with . or Enter, or press ? or * to list all spells.
Your skin crawls.
The ogre barely misses you.
The worker ant bites you but does no damage.
As you read the scroll of teleportation, it crumbles to dust.
You feel strangely unstable. The worker ant bites you.
The ogre hits you with a giant spiked club!!
Ouch! That really hurt!
You die...

#.# #.......c....................
..####.....#.........<#####......
## #............####### ##.##.#
#..#.....(.#### #.##.#
...#..>....## #.##.# ##)#
#........#### #..#.. ...#
#...........######## #.)#. .#
#.........O........# ##.## ##
#........ca@.......# #.#
####.#......###.....)...# #.#
.....#......# #.........# #[##
).#####.....# #.........# #.)#
.....(......###.........#######..
.######....).....................
.# #.....##.....############## .#
#........##### ## #.....#####


You could see an ogre, a centaur and a worker ant.

Vanquished Creatures
  An ogre (D:5)
  A big kobold (Sewer)
  2 crimson imps (D:5)
  A jelly (D:5)
  4 orc wizards (D:5)
  Crazy Yiuf (D:3)
  An orc priest (D:5)
  2 worker ants
  4 gnolls
  3 adders
  2 river rats
  A shadow imp (D:5)
  An adder skeleton (D:4)
  2 dart slugs
  3 leopard geckos
  11 orcs
  5 giant cockroaches
  13 goblins
  9 hobgoblins
  6 jackals
  4 quokkas
  4 bats
  7 frilled lizards
  13 kobolds
  A quokka skeleton (D:5)
  A quokka zombie (D:5)
  22 rats
  A rat zombie (D:5)
126 creatures vanquished.

Vanquished Creatures (collateral kills)
  A centaur skeleton (D:4)
  A worker ant (D:4)
  A hound skeleton (D:4)
  An adder skeleton (D:4)
4 creatures vanquished.

Grand Total: 130 creatures vanquished

Notes
Turn   | Place    | Note
-------+----------+-------------------------------------------
     0 | D:1      | Magnus the Demonspawn Necromancer began the quest for the Orb.
     0 | D:1      | Reached XP level 1. HP: 13/13 MP: 3/3
   532 | D:1      | Gained mutation: You are partially covered in slimy green scales. (AC +2) [demonic ancestry]
   532 | D:1      | Reached XP level 2. HP: 16/19 MP: 0/5
  1312 | D:1      | Reached XP level 3. HP: 23/24 MP: 4/7
  1699 | D:1      | Learned a level 3 spell: Vampiric Draining
  1703 | D:1      | Learned a level 3 spell: Regeneration
  1789 | D:2      | Found a stormy altar of Qazlal.
  1904 | D:2      | Found a faded altar of an unknown god.
  2011 | D:2      | Reached skill level 5 in Necromancy
  2638 | D:3      | Gained mutation: You have sharp toenails. [demonic ancestry]
  2638 | D:3      | Reached XP level 4. HP: 28/30 MP: 4/8
  2845 | D:3      | Found a glowing drain.
  2849 | Sewer    | Entered a sewer
  3273 | Sewer    | Noticed a big kobold
  3307 | Sewer    | Killed a big kobold
  3307 | Sewer    | Reached XP level 5. HP: 26/35 MP: 0/10
  3420 | Sewer    | Found a white marble altar of Elyvilon.
  3571 | D:3      | Found a white marble altar of Elyvilon.
  3823 | D:3      | Reached skill level 6 in Necromancy
  4069 | D:3      | Found a runed door.
  4179 | D:3      | Noticed Crazy Yiuf
  4186 | D:3      | Killed Crazy Yiuf
  4328 | D:4      | Learned a level 4 spell: Animate Dead
  4449 | D:4      | Gained mutation: You sometimes gain a little power by taking damage. [demonic ancestry]
  4449 | D:4      | Reached XP level 6. HP: 39/41 MP: 6/12
  4524 | D:4      | Found a burning altar of Makhleb.
  4527 | D:4      | Found a glowing silver altar of Zin.
  4527 | D:4      | Noticed an angel
  4527 | D:4      | Noticed an Executioner
  4618 | D:4      | Found a glowing golden altar of the Shining One.
  4972 | D:5      | Entered Level 5 of the Dungeon
  5244 | D:5      | Reached skill level 5 in Spellcasting
  5260 | D:5      | Reached skill level 7 in Necromancy
  5495 | D:5      | Gained mutation: You have razor-sharp toenails. [demonic ancestry]
  5495 | D:5      | Reached XP level 7. HP: 38/46 MP: 4/14
  5999 | D:5      | Slain by an ogre

Skill      XL: |  1  2  3  4  5  6 |
---------------+-------------------+-----
Spellcasting   | 3 4 5 |  5.8
Necromancy     | 5 6 7 |  7.6
Dodging        | |  1.7
Stealth        | |  1.7

Action                   |  1- 3 |  4- 6 |  7- 9 || total
-------------------------+-------+-------+-------++-------
Melee: Short sword       |    41 |    44 |    38 ||   123
       Unarmed           |     3 |       |       ||     3
       Kick              |       |    10 |     9 ||    19
Throw: Tomahawk          |       |     1 |       ||     1
 Cast: Pain              |    75 |   118 |    29 ||   222
       Animate Dead      |       |     3 |       ||     3
       Regeneration      |       |     1 |     2 ||     3
       Vampiric Draining |       |     1 |     1 ||     2
  Use: Scroll            |       |     8 |     1 ||     9
 Stab: Sleeping          |     1 |       |       ||     1
  Eat: Chunk             |     5 |     8 |     3 ||    16
       Pizza             |       |     1 |       ||     1
Armor: Robe              |    13 |    19 |     5 ||    37
Dodge: Dodged            |    28 |    47 |    27 ||   102
